 Dungeon Crawl Stone Soup version 0.24-a0-586-g8e0e932a4c (webtiles) character file.

Game seed: 1963700526554483682, levelgen mode: deterministic

6229 MordorOrchid the Blocker (level 10, -7/123 HPs)
             Began as a Gnoll Fighter on Sept 8, 2019.
             Was a High Priest of Zin.
             Mangled by a red ugly thing (18 damage)
             ... on level 10 of the Dungeon.
             The game lasted 00:32:53 (5424 turns).

MordorOrchid the Blocker (Gnoll Fighter)            Turns: 5424, Time: 00:32:56

Health: -7/123     AC: 12    Str: 27    XL:     10   Next: 92%
Magic:  18/18      EV: 12    Int: 14    God:    Zin [*****.]
Gold:   576        SH:  0    Dex: 14    Spells: 16/20 levels left

rFire    . . .     SeeInvis .   a - +2 war axe
rCold    . . .     Gourm    .   H - +2 shield
rNeg     . . .     Faith    .   b - +0 scale mail
rPois    .         Spirit   .   (no helmet)
rElec    .         Reflect  .   w - scarf {repulsion}
rCorr    .         Harm     .   (no gloves)
MR       .....                  x - +1 pair of boots of the Duke {Regen+}
Stlth    ..........             z - amulet of rage
HPRegen  0.70/turn              I - +2 ring of protection
MPRegen  0.16/turn              D - +3 ring of strength

@: confused, berserking (expiring), afraid, hasted, repel missiles, very quick
A: distributed training, fangs 1, strong nose
a: Recite, Vitalisation, Imprison, Sanctuary, Donate Gold, Renounce Religion,
Evoke Berserk Rage


You were on level 10 of the Dungeon.
You worshipped Zin.
Zin was extremely pleased with you.
You were very hungry.

You visited 1 branch of the dungeon, and saw 10 of its levels.

You collected 639 gold pieces.
You donated 63 gold pieces to Zin.

Inventory:

Hand Weapons
 a - a +2 war axe (weapon)
 g - the +10 dire flail of the Grave {freeze, rPois rC- rN+++ Str-5}
   (You took it off a two-headed ogre on level 6 of the Dungeon)

   It has been specially enchanted to freeze those struck by it, causing extra
   injury to most foes and up to half again as much damage against particularly
   susceptible opponents.
   It can also slow down cold-blooded creatures.
   It affects your strength (-5).
   It makes you vulnerable to cold.
   It protects you from poison.
   It renders you almost immune to negative energy.
 j - a +0 hand crossbow
 o - a +4 trident of protection
 p - a +0 whip of freezing
 A - a +0 short sword of electrocution
 N - a +0 trident
Missiles
 e - 5 javelins
 k - 42 poisoned darts
 l - 153 bolts
 y - 15 boomerangs (quivered)
 C - 72 sling bullets
Armour
 b - a +0 scale mail (worn)
 w - a scarf of repulsion (worn)
 x - the +1 pair of boots of the Duke (worn) {Regen+}
   (You found it on level 7 of the Dungeon)

   It increases your rate of regeneration.
 H - a +2 shield (worn)
 M - a scarf of cloud immunity
Jewellery
 q - an uncursed ring of flight
 z - an amulet of rage (around neck)
 D - a +3 ring of strength (right hand)
 I - a +2 ring of protection (left hand)
 K - an uncursed amulet of harm {unknown}
 O - an uncursed ring of protection from fire
Wands
 n - a wand of digging (9)
 J - a wand of iceblast (8)
 P - a wand of acid (4)
Scrolls
 d - 5 scrolls of immolation
 h - a scroll of blinking {unknown}
 i - 5 scrolls of remove curse
 r - a scroll of enchant armour {unknown}
 s - 5 scrolls of teleportation
 v - 2 scrolls of magic mapping
 B - a scroll of fog {unknown}
 F - 2 scrolls of fear
 Q - a scroll of amnesia {unknown}
Potions
 c - a potion of cancellation
 m - 2 potions of flight
 t - 3 potions of curing
 u - 3 potions of brilliance
 E - a potion of heal wounds
 R - a potion of might
Comestibles
 f - 10 rations
 G - 9 chunks of flesh


   Skills:
 + Level 8.7 Fighting
 + Level 5.6 Short Blades
 + Level 5.6 Long Blades
 + Level 7.3 Axes
 + Level 5.6 Maces & Flails
 + Level 5.6 Polearms
 + Level 5.6 Staves
 + Level 5.6 Slings
 + Level 5.6 Bows
 + Level 5.6 Crossbows
 + Level 5.6 Throwing
 + Level 8.7 Armour
 + Level 5.6 Dodging
 + Level 5.6 Stealth
 + Level 8.7 Shields
 + Level 5.6 Unarmed Combat
 + Level 5.6 Spellcasting
 + Level 4.6 Conjurations
 + Level 4.6 Hexes
 + Level 4.6 Charms
 + Level 4.6 Summonings
 + Level 4.6 Necromancy
 + Level 4.6 Translocations
 + Level 4.6 Transmutations
 + Level 4.6 Fire Magic
 + Level 4.6 Ice Magic
 + Level 4.6 Air Magic
 + Level 4.6 Earth Magic
 + Level 4.6 Poison Magic
 + Level 6.2 Invocations
 + Level 5.6 Evocations


You had 16 spell levels left.
You knew the following spells:

 Your Spells              Type           Power        Failure   Level  Hunger
j - Summon Lightning Spi  Summ/Air       ###.....     73%         4    ####...

Your spell library contained the following spells:

 Spells                   Type           Power        Failure   Level  Hunger
 Corona                   Hex            ###....      11%         1    None
 Summon Small Mammal      Summ           ###.         11%         1    None
 Call Imp                 Summ           ###.....     17%         2    ##.....
 Slow                     Hex            ###.....     17%         2    ##.....
 Call Canine Familiar     Summ           ###.....     32%         3    ###....
 Inner Flame              Hex/Fire       ###.....     32%         3    ###....
 Portal Projectile        Hex/Tloc       ###...       32%         3    ###....
 Summon Guardian Golem    Hex/Summ       ###.....     32%         3    ###....
 Cause Fear               Hex            ###.......   73%         4    ####...
 Leda's Liquefaction      Hex/Erth       ###.......   73%         4    ####...
 Summon Ice Beast         Ice/Summ       ###.....     73%         4    ####...


Dungeon Overview and Level Annotations

Branches:
Dungeon (10/15)            Temple (0/1) D:5
   Lair: D:8-11         Orc: D:9-12

Altars:
Dithmenos
Elyvilon
Fedhas
Gozag
Hepliaklqana
Qazlal
Trog
Zin

Shops:
D:5 %

Annotations:
D:3 exclusions: oklob plant and upstairs
D:8 1 runed translucent door, PeterQ's ghost, novice HOAs


Innate Abilities, Weirdness & Mutations

Your experience applies equally to all skills.
You have very sharp teeth.
Your uncanny sense of smell can sniff out nearby items.


Message History

The glowing orange brain is heavily wounded.
You slash the red ugly thing! You completely miss the red ugly thing.
You closely miss the cyan ugly thing. The red ugly thing engulfs you!
You are engulfed in flames!!
* * * LOW HITPOINT WARNING * * *
Unknown command.
You slice the glowing orange brain!!
The glowing orange brain is almost dead.
You slash the red ugly thing! x2; You slash the cyan ugly thing!
The cyan ugly thing tentacle-slaps you.
* * * LOW HITPOINT WARNING * * *
The cyan ugly thing shocks you!
* * * LOW HITPOINT WARNING * * *
The glowing orange brain pulsates.
You are confused.
The cyan ugly thing basks in the mutagenic energy from its kin and changes!
The red ugly thing barely misses you. The red ugly thing engulfs you.
* * * LOW HITPOINT WARNING * * *
You are engulfed in flames!!
You die...

..... #...# #.#.#
#...####+ #.......
#.......
#############+##.......
.#§...#.................
#.#.#.#@u...............
#...uuGu...............
.§§#..uu................
.#...!'.................
#.#.#!#.......<.........
.#....#...##############
#######................
#################


You could see 6 ugly things and a glowing orange brain (dazed).

Vanquished Creatures
  A two-headed ogre (D:6)
  The ghost of Killmatronix the Magician, a novice GnWn of Elyvilon (D:6)
  A troll (D:9)
  Prince Ribbit (D:7)
  A hippogriff (D:10)
  Grinder (D:3)
  Sigmund (D:3)
  6 yaks (D:9)
  Menkaure (D:7)
  A sky beast (D:9)
  An ice beast (D:9)
  An orc warrior (D:9)
  6 ogres
  2 phantoms
  3 centaurs
  A big kobold (D:8)
  A wyvern zombie (D:8)
  5 bullfrogs
  2 gnoll sergeants
  3 scorpions
  A vampire bat (D:4)
  A howler monkey (D:5)
  7 crimson imps
  A bullfrog zombie (D:5)
  2 centaur zombies
  5 hounds
  A jelly (D:6)
  3 orc priests
  A bullfrog skeleton (D:8)
  3 orc wizards
  Jessica (D:3)
  2 iguanas
  2 worker ants
  7 adders
  9 gnolls
  2 shadow imps
  An adder skeleton (D:4)
  An adder zombie (D:8)
  4 worms
  A dart slug (D:1)
  4 leopard geckos
  36 orcs
  5 giant cockroaches
  3 hobgoblins
  16 jackals
  11 kobolds
  4 quokkas
  10 bats
  5 frilled lizards
  7 goblins
  A leopard gecko skeleton (D:6)
  2 quokka skeletons
  5 rats
204 creatures vanquished.

Vanquished Creatures (others)
  17 toadstools (D:3)
17 creatures vanquished.

Grand Total: 221 creatures vanquished

Notes
Turn   | Place    | Note
-------+----------+-------------------------------------------
     0 | D:1      | MordorOrchid the Gnoll Fighter began the quest for the Orb.
     0 | D:1      | Reached XP level 1. HP: 23/23 MP: 1/1
    55 | D:1      | Reached XP level 2. HP: 29/29 MP: 2/2
   205 | D:1      | Reached XP level 3. HP: 34/35 MP: 3/3
   492 | D:2      | Reached skill level 1 in Invocations
   633 | D:2      | Reached skill level 1 in Short Blades
   633 | D:2      | Reached skill level 1 in Long Blades
   633 | D:2      | Reached skill level 1 in Maces & Flails
   633 | D:2      | Reached skill level 1 in Polearms
   633 | D:2      | Reached skill level 1 in Staves
   633 | D:2      | Reached skill level 1 in Slings
   633 | D:2      | Reached skill level 1 in Bows
   633 | D:2      | Reached skill level 1 in Crossbows
   633 | D:2      | Reached skill level 1 in Throwing
   633 | D:2      | Reached skill level 1 in Dodging
   633 | D:2      | Reached skill level 1 in Stealth
   633 | D:2      | Reached skill level 1 in Unarmed Combat
   633 | D:2      | Reached skill level 1 in Spellcasting
   633 | D:2      | Reached skill level 1 in Evocations
   671 | D:2      | Found a faded altar of an unknown god.
   736 | D:2      | Found a hazy altar of Hepliaklqana.
   929 | D:3      | Reached XP level 4. HP: 34/41 MP: 5/5
   990 | D:3      | Noticed Jessica
   991 | D:3      | Found a glowing silver altar of Zin.
   994 | D:3      | Killed Jessica
   994 | D:3      | Reached skill level 1 in Conjurations
   994 | D:3      | Reached skill level 1 in Hexes
   994 | D:3      | Reached skill level 1 in Charms
   994 | D:3      | Reached skill level 1 in Summonings
   994 | D:3      | Reached skill level 1 in Necromancy
   994 | D:3      | Reached skill level 1 in Translocations
   994 | D:3      | Reached skill level 1 in Transmutations
   994 | D:3      | Reached skill level 1 in Fire Magic
   994 | D:3      | Reached skill level 1 in Ice Magic
   994 | D:3      | Reached skill level 1 in Air Magic
   994 | D:3      | Reached skill level 1 in Earth Magic
   994 | D:3      | Reached skill level 1 in Poison Magic
   999 | D:3      | Became a worshipper of Zin the Law-Giver
   999 | D:3      | Reached * piety under Zin
  1046 | D:3      | Reached XP level 5. HP: 47/47 MP: 6/6
  1167 | D:3      | Noticed Grinder
  1177 | D:3      | Paralysed by Grinder for 2 turns
  1180 | D:3      | Killed Grinder
  1180 | D:3      | Reached skill level 5 in Axes
  1180 | D:3      | Reached XP level 6. HP: 41/53 MP: 7/9
  1220 | D:3      | Found a blossoming altar of Fedhas.
  1220 | D:3      | Noticed Sigmund
  1232 | D:3      | Killed Sigmund
  1232 | D:3      | Reached XP level 7. HP: 56/59 MP: 10/10
  1247 | D:3      | Noticed an oklob plant
  1404 | D:4      | Found a stormy altar of Qazlal.
  2020 | D:5      | Entered Level 5 of the Dungeon
  2035 | D:5      | Found a staircase to the Ecumenical Temple.
  2082 | D:5      | Reached XP level 8. HP: 45/67 MP: 12/12
  2112 | D:5      | Reached ** piety under Zin
  2695 | D:5      | Found Jahaont's Food Emporium.
  2863 | D:6      | Found a transporter.
  2863 | D:6      | Identified the +10 dire flail of the Grave {freeze, rPois
                  | rC- rN+++ Str-5}
  2863 | D:6      | Noticed a two-headed ogre
  2863 | D:6      | Noticed Killmatronix's ghost (novice GnWn)
  2877 | D:6      | Found a transporter.
  2959 | D:6      | Reached *** piety under Zin
  3259 | D:6      | Found a white marble altar of Elyvilon.
  3272 | D:6      | Found an opulent altar of Gozag.
  3274 | D:6      | Found a bloodstained altar of Trog.
  3405 | D:6      | Reached **** piety under Zin
  3563 | D:6      | Killed a two-headed ogre
  3563 | D:6      | Reached XP level 9. HP: 73/73 MP: 13/15
  3582 | D:6      | Killed Killmatronix's ghost
  3678 | D:7      | Noticed Menkaure
  3686 | D:7      | Killed Menkaure
  3781 | D:7      | Reached skill level 5 in Invocations
  3868 | D:7      | Reached ***** piety under Zin
  3883 | D:7      | Found a shadowy altar of Dithmenos.
  3935 | D:7      | Noticed Prince Ribbit
  3949 | D:7      | Killed Prince Ribbit
  4023 | D:7      | Got a pair of encrusted boots
  4034 | D:7      | Identified the +1 pair of boots of the Duke {Regen+} (You
                  | found it on level 7 of the Dungeon)
  4049 | D:7      | Reached XP level 10. HP: 80/80 MP: 17/17
  4312 | D:8      | Found a runed translucent door.
  4344 | D:8      | Noticed PeterQ's ghost (novice HOAs)
  4512 | D:8      | Reached skill level 5 in Short Blades
  4512 | D:8      | Reached skill level 5 in Long Blades
  4512 | D:8      | Reached skill level 5 in Maces & Flails
  4512 | D:8      | Reached skill level 5 in Polearms
  4512 | D:8      | Reached skill level 5 in Staves
  4512 | D:8      | Reached skill level 5 in Slings
  4512 | D:8      | Reached skill level 5 in Bows
  4512 | D:8      | Reached skill level 5 in Crossbows
  4512 | D:8      | Reached skill level 5 in Throwing
  4512 | D:8      | Reached skill level 5 in Dodging
  4512 | D:8      | Reached skill level 5 in Stealth
  4512 | D:8      | Reached skill level 5 in Unarmed Combat
  4512 | D:8      | Reached skill level 5 in Spellcasting
  4512 | D:8      | Reached skill level 5 in Evocations
  4895 | D:9      | Learned a level 4 spell: Summon Lightning Spire
  5258 | D:10     | Entered Level 10 of the Dungeon
  5405 | D:10     | Found a runed translucent gate.
  5405 | D:10     | Found a runed translucent gate.
  5405 | D:10     | Noticed a cyan ugly thing
  5406 | D:10     | Found a runed translucent gate.
  5406 | D:10     | Noticed a glowing orange brain
  5406 | D:10     | Noticed a red ugly thing
  5406 | D:10     | Noticed a purple ugly thing
  5407 | D:10     | Noticed a cyan ugly thing
  5407 | D:10     | Noticed a white ugly thing
  5408 | D:10     | Noticed a white ugly thing
  5424 | D:10     | Mangled by a red ugly thing

Levels and vault maps discovered:
D:1:      ncdulo_smallfort, layout_basic
D:2:      layout_loops_cross, nicolae_overflow_hidden_temple,
          chequers_ecumenical_altar_simple
D:3:      layout_loops_ring, zin_academy, tgw_fedhas, uniq_jessica,
          uniq_natasha, uniq_sigmund, uniq_grinder
D:4:      layout_loops_ring, old_standard_altar, first_ration, roderic_batcave,
          minmay_misc_feat_plants, fountainhead
D:5:      layout_layer_cave, minmay_temple_entry_ruins, serial_shops, shop,
          minmay_fractal_squares_gapless_5
D:6:      layout_basic, grunt_temple_overflow_diamond, gammafunk_ghost_smash
D:7:      layout_cave_pools, nicolae_dithmenos_the_darkroom,
          uniq_prince_ribbit1, uniq_menkaure
D:8:      layout_basic, ebering_ghost_reflecting_pool
D:9:      layout_roguey
D:10:     layout_stronghold, orc_david_3,
          ploomutoo_gammafunk_ghost_potion_laboratory,
          hangedman_little_slice_of_home, uniq_joseph

Skill      XL: |  1  2  3  4  5  6  7  8  9 10 |
---------------+-------------------------------+-----
Invocations    | 1 2 3 4 5 6 |  6.2
Short Blades   | 1 2 4 5 |  5.6
Long Blades    | 1 2 4 5 |  5.6
Maces & Flails | 1 2 4 5 |  5.6
Polearms       | 1 2 4 5 |  5.6
Staves         | 1 2 4 5 |  5.6
Slings         | 1 2 4 5 |  5.6
Bows           | 1 2 4 5 |  5.6
Crossbows      | 1 2 4 5 |  5.6
Throwing       | 1 2 4 5 |  5.6
Dodging        | 1 2 4 5 |  5.6
Stealth        | 1 2 4 5 |  5.6
Unarmed Combat | 1 2 4 5 |  5.6
Spellcasting   | 1 2 4 5 |  5.6
Evocations     | 1 2 4 5 |  5.6
Conjurations   | 1 2 3 4 |  4.6
Hexes          | 1 2 3 4 |  4.6
Charms         | 1 2 3 4 |  4.6
Summonings     | 1 2 3 4 |  4.6
Necromancy     | 1 2 3 4 |  4.6
Translocations | 1 2 3 4 |  4.6
Transmutations | 1 2 3 4 |  4.6
Fire Magic     | 1 2 3 4 |  4.6
Ice Magic      | 1 2 3 4 |  4.6
Air Magic      | 1 2 3 4 |  4.6
Earth Magic    | 1 2 3 4 |  4.6
Poison Magic   | 1 2 3 4 |  4.6
Axes           | 5 6 7 |  7.3
Fighting       | 7 8 |  8.7
Armour         | 7 8 |  8.7
Shields        | 7 8 |  8.7

Action                   |  1- 3 |  4- 6 |  7- 9 | 10-12 || total
-------------------------+-------+-------+-------+-------++-------
Melee: War axe           |    75 |    37 |   319 |   189 ||   620
       Bite              |     8 |     3 |    31 |    28 ||    70
 Fire: Hand crossbow     |     2 |    20 |       |     5 ||    27
Throw: Dart              |     3 |       |     2 |     4 ||     9
       Javelin           |       |       |     6 |     4 ||    10
       Boomerang         |       |       |       |     1 ||     1
Invok: Recite            |       |       |       |     1 ||     1
 Abil: Evoke Berserk Rag |       |       |     1 |     3 ||     4
  Use: Scroll            |     4 |       |     9 |     6 ||    19
       Potion            |       |     1 |     4 |     1 ||     6
  Eat: Chunk             |       |     1 |     4 |     7 ||    12
       Ration            |       |       |     2 |       ||     2
Armor: Scale mail        |    32 |     9 |   105 |    57 ||   203
Dodge: Dodged            |    33 |    14 |   120 |    92 ||   259
       Deflected         |       |       |     2 |     6 ||     8
Block: Shield            |    54 |    27 |   181 |   142 ||   404

Table legend:
 A = Non-vault XP
 B = Vault XP
 C = Vault XP percentage of total XP
 D = Non-vault monster count
 E = Vault monster count
 F = Vault count percentage of total count
                 A         B        C        D         E       F
            +---------+---------+-------+---------+---------+-------
      Total |    5979 |    2920 |  32.8 |     185 |      19 |   9.3
            +---------+---------+-------+---------+---------+-------
        D:1 |      46 |       0 |   0.0 |      27 |       0 |   0.0
        D:2 |      31 |       0 |   0.0 |       5 |       0 |   0.0
        D:3 |     106 |     489 |  82.2 |      17 |       3 |  15.0
        D:4 |     398 |      65 |  14.0 |      15 |       7 |  31.8
        D:5 |     580 |     109 |  15.8 |      21 |       4 |  16.0
        D:6 |     192 |    1791 |  90.3 |       6 |       3 |  33.3
        D:7 |     462 |     466 |  50.2 |      25 |       2 |   7.4
        D:8 |     915 |       0 |   0.0 |      37 |       0 |   0.0
        D:9 |    2555 |       0 |   0.0 |      25 |       0 |   0.0
       D:10 |     694 |       0 |   0.0 |       7 |       0 |   0.0
            +---------+---------+-------+---------+---------+-------
